 Dungeon Crawl Stone Soup version 0.13.0-15-g9204fa6 (webtiles) character file.

3481 dertyp the Basher (level 9, 0/75 HPs)
             Began as a Hill Orc Berserker on Oct 20, 2013.
             Was an Elder of Trog.
             Slain by an orange demon (2 damage)
             ... on Level 6 of the Dungeon.
             The game lasted 00:48:21 (6641 turns).

dertyp the Basher (Hill Orc Berserker)              Turns: 6641, Time: 00:48:22

HP   0/75        AC 11     Str 21      XL: 9   Next: 93%
MP   8/8         EV 12     Int  7      God: Trog [****..]
Gold 331         SH  0     Dex 12      Spells:  0 memorised,  8 levels left

Res.Fire  : . . .   See Invis. : .   a - +0,-1 orc mace
Res.Cold  : . . .   Warding    : .   b - +2 ring mail
Life Prot.: . . .   Conserve   : .   (no shield)
Res.Poison: .       Res.Corr.  : .   (no helmet)
Res.Elec. : .       Clarity    : .   (no cloak)
Sust.Abil.: . .     Spirit.Shd : .   (no gloves)
Res.Mut.  : .       Stasis     : .   c - +1 pair of boots
Res.Rott. : .       Flight     : .   (no amulet)
Saprovore : + . .                    (no ring)
                                     f - ring of sustenance

@: exhausted, very poisoned, slowed, weakened, very slow, slightly resistant to
hostile enchantments, unstealthy
A: saprovore 1
a: Burn Spellbooks, Berserk, Trog's Hand, Brothers in Arms, Renounce Religion


You were on level 6 of the Dungeon.
You worshipped Trog.
Trog was greatly pleased with you.
You were not hungry.

You visited 1 branch of the dungeon, and saw 6 of its levels.

You collected 311 gold pieces.

Inventory:

Hand weapons
 a - a +0,-1 orcish mace (weapon)
Missiles
 h - 54 darts (quivered)
 o - 3 exploding darts
Armour
 b - a +2 ring mail (worn)
 c - a +1 pair of boots (worn)
Magical devices
 s - a wand of confusion (3)
 t - a wand of magic darts (13) {unknown}
Comestibles
 i - 4 bread rations
 k - 2 grapes
 p - an apple
Scrolls
 d - 5 scrolls of remove curse
 l - a scroll of curse armour {unknown}
 m - a scroll of teleportation
Jewellery
 f - a ring of sustenance (left hand)
 v - an uncursed ring of poison resistance {unknown}
Potions
 e - a potion of curing
 g - a potion of flight
 j - 4 potions of cure mutation
 n - 3 potions of restore abilities
 q - a potion of invisibility
 r - a potion of speed


   Skills:
 + Level 7.1 Fighting
 + Level 8.5 Maces & Flails
 + Level 7.4 Armour
 + Level 6.6 Dodging
 + Level 1.9 Stealth


You had 8 spell levels left.
You didn't know any spells.

Dungeon Overview and Level Annotations

Branches:
Dungeon (6/27)
 Temple: D:4-7          Orc: D:6-11

Altars:
Fedhas


Innate Abilities, Weirdness & Mutations

You can tolerate rotten meat.


Message History

The orange demon is severely wounded.
* * * LOW HITPOINT WARNING * * *
You feel sick. The orange demon stings you!
* * * LOW HITPOINT WARNING * * *
You are more poisoned.
You feel as though you will be weak longer.
The orange demon hits you but does no damage.
You hit the orange demon.
The orange demon is severely wounded.
* * * LOW HITPOINT WARNING * * *
You feel sick. The orange demon barely misses you. The orange demon hits you.
* * * LOW HITPOINT WARNING * * *
The orange demon stings you but does no damage.
The orange demon hits you but does no damage.
You barely miss the orange demon.
The orange demon is severely wounded.
* * * LOW HITPOINT WARNING * * *
You feel very sick. The orange demon stings you.
You die...

#..#.##.##..##.#....#
#.......#....#...#..#
####.##.#....#.#...##
#.##.##..##.##4##
#.##..#..#..##.#
#...........##.#
#...........##.#
#..#..#..#.4...#
#..#.##..##@####
#..#.#....#.########
#. #.#...(#.#......#
.#.##..##...###### .
.....#.4#.........#
⌠.<.
#........##.##..#
....
#..).......##.###.#
..⌠# ###..#..#..##.#
#.# ..# #.##..##.##.#
#.####.#


You could see an orange demon.

Vanquished Creatures
  Pikel (D:4)
  3 orange demons (D:6)
  Grinder (D:4)
  A phantom (D:6)
  4 ogres
  A yellow wasp (D:6)
  A slave (D:4)
  A rotting devil (D:6)
  A giant frog (D:4)
  The ghost of SnowFan the Firebug, an average DEFE (D:4)
  3 crimson imps
  4 hounds
  A jelly (D:6)
  Crazy Yiuf (D:4)
  An iguana (D:5)
  4 orc priests
  3 orc wizards
  A scorpion (D:6)
  2 centaur skeletons
  4 worker ants
  4 adders
  A gnoll (D:1)
  2 giant mites
  3 worms (D:3)
  An adder skeleton (D:5)
  A giant eyeball (D:6)
  A giant gecko (D:5)
  2 oozes (D:3)
  21 orcs
  6 giant cockroaches
  A gnoll skeleton (D:5)
  12 hobgoblins
  10 jackals
  2 quokkas
  15 bats
  2 giant newts (D:1)
  8 goblins
  8 kobolds
  8 rats
147 creatures vanquished.

Vanquished Creatures (others)
  An ogre (D:4)
  2 slaves (D:4)
  An adder skeleton (D:4)
  A giant cockroach (D:4)
5 creatures vanquished.

Grand Total: 152 creatures vanquished

Notes
Turn   | Place    | Note
--------------------------------------------------------------
     0 | D:1      | dertyp, the Hill Orc Berserker, began the quest for the Orb.
     0 | D:1      | Reached XP level 1. HP: 19/19 MP: 0/0
    99 | D:1      | Reached XP level 2. HP: 20/26 MP: 1/1
   125 | D:1      | Reached skill level 4 in Fighting
   279 | D:1      | Reached XP level 3. HP: 33/33 MP: 2/2
   630 | D:1      | Gained mutation: Your flesh is cold resistant. [potion of beneficial mutation]
   857 | D:2      | Paralysed by a potion of paralysis for 6 turns
   887 | D:2      | Lost mutation: Your flesh is cold resistant. [potion of cure mutation]
  1026 | D:2      | Acquired Trog's second power
  1696 | D:3      | Reached XP level 4. HP: 26/40 MP: 3/3
  2298 | D:3      | HP: 2/40 [orc/orcish whip (6)]
  2621 | D:3      | Reached XP level 5. HP: 19/46 MP: 4/4
  2864 | D:4      | Noticed an ogre
  2945 | D:4      | Noticed a slave
  2948 | D:4      | Noticed a slave
  2949 | D:4      | Noticed Pikel
  2954 | D:4      | Noticed a slave
  2954 | D:4      | Killed a slave
  2959 | D:4      | Killed Pikel
  2959 | D:4      | Reached skill level 1 in Stealth
  2959 | D:4      | Reached XP level 6. HP: 53/53 MP: 5/5
  2959 | D:4      | Reached XP level 7. HP: 60/60 MP: 6/6
  2960 | D:4      | Noticed a freed slave
  3055 | D:4      | Noticed Grinder
  3074 | D:4      | Killed Grinder
  3074 | D:4      | Reached skill level 5 in Fighting
  3074 | D:4      | Reached skill level 5 in Maces & Flails
  3074 | D:4      | Reached skill level 5 in Armour
  3137 | D:4      | HP: 2/90 [ogre/giant club (24)]
  3138 | D:4      | Killed an ogre
  3138 | D:4      | Reached XP level 8. HP: 2/68 MP: 7/7
  3308 | D:4      | Killed a freed slave
  3452 | D:4      | Noticed an ogre
  3460 | D:4      | Killed an ogre
  3711 | D:4      | Noticed SnowFan's ghost (average DEFE)
  3725 | D:4      | Killed SnowFan's ghost
  4058 | D:4      | Reached skill level 6 in Armour
  4171 | D:4      | Killed a freed slave
  4312 | D:4      | Noticed an ogre
  4331 | D:4      | Killed an ogre
  4331 | D:4      | Acquired Trog's third power
  4400 | D:4      | Noticed Crazy Yiuf
  4409 | D:4      | Killed Crazy Yiuf
  4758 | D:5      | Entered Level 5 of the Dungeon
  4889 | D:5      | Reached skill level 5 in Dodging
  5275 | D:5      | Reached skill level 7 in Maces & Flails
  5275 | D:5      | Reached XP level 9. HP: 75/75 MP: 8/8
  5302 | D:5      | Found a blossoming altar of Fedhas.
  5719 | D:6      | Noticed an orange demon
  5719 | D:6      | Noticed an orange demon
  5737 | D:6      | Killed an orange demon
  5762 | D:6      | Killed an orange demon
  5766 | D:6      | Paralysed by a yellow wasp for 3 turns
  5788 | D:6      | Noticed an orange demon
  5789 | D:6      | Noticed an orange demon
  6199 | D:6      | Reached skill level 8 in Maces & Flails
  6490 | D:6      | Paralysed by a giant eyeball for 2 turns
  6615 | D:6      | Killed an orange demon
  6640 | D:6      | HP: 3/75 [orange demon (6)]
  6641 | D:6      | HP: 1/75 [poisoned by an orange demon]
  6641 | D:6      | Slain by an orange demon

Action                   |  1- 3 |  4- 6 |  7- 9 || total
-------------------------+-------+-------+-------++-------
Melee: Mace              |   128 |   148 |   426 ||   702
Throw: Dart              |     1 |       |       ||     1
Invok: Berserk           |     1 |     2 |     8 ||    11
  Use: Scroll            |    10 |     3 |    10 ||    23
       Potion            |    10 |     1 |    10 ||    21
